 Dungeon Crawl Stone Soup version 0.32-a0-986-ga09f62fbf4 (webtiles) character file.

Game seed: 8171026796898488358

8371 horus123 the Geomancer (level 11, -4/68 HPs)
             Began as a Demonspawn Alchemist on Apr 21, 2024.
             Was a Believer of Sif Muna.
             Slain by a red ugly thing (21 damage)
             ... on level 10 of the Dungeon on Apr 22, 2024.
             The game lasted 00:33:10 (9630 turns).

horus123 the Geomancer (Demonspawn Alchemist)       Turns: 9630, Time: 00:33:10

Health: -4/68      AC: 10    Str: 15    XL:     11   Next: 9%
Magic:  10/21      EV: 11    Int: 19    God:    Sif Muna [**....]
Gold:   486        SH:  0    Dex: 14    Spells: 6/24 levels left

rFire   . . .        o - +2 short sword (freeze)
rCold   . . .        (no shield)
rNeg    . . .        E - +1 robe of Eternity {Regen+}
rPois   .            (helmet unavailable)
rElec   .            y - +0 cloak
rCorr   .            q - +0 pair of gloves
SInv    .            u - +0 pair of boots
Will    .....        g - amulet of regeneration
Stlth   +++          n - +4 ring of protection
HPRegen 1.91/turn    M - +6 ring of strength
MPRegen 0.17/turn

%: no passive effects
@: wreathed by umbra
A: horns 3, icemail 1, condensation shield, weakness stinger 1, demonic touch 2,
foul shadow 1
a: Renounce Religion, Channel Magic


You were on level 10 of the Dungeon.
You worshipped Sif Muna.
Sif Muna was pleased with you.
You visited 2 branches of the dungeon, and saw 11 of its levels.

You collected 486 gold pieces.

Inventory:

Hand Weapons
 k - a +2 dagger of speed
 o - a +2 short sword of freezing (weapon)
 w - a +1 short sword of venom
 N - a +3 scimitar of flaming
Missiles
 h - 2 atropa-tipped darts
 G - 3 throwing nets
 K - 7 poisoned darts
Armour
 a - a +0 robe
 b - a +2 buckler
 i - a +0 leather armour
 p - a scarf of invisibility
 q - a +0 pair of gloves (worn)
 u - a +0 pair of boots (worn)
 y - a +0 cloak (worn)
 E - the +1 robe of Eternity (worn) {Regen+}
   (You found it on level 4 of the Dungeon)

   Regen+:    It increases your rate of health regeneration.
Jewellery
 g - an amulet of regeneration (around neck)
 n - a +4 ring of protection (left hand)
 A - a ring of resist corrosion
 C - a ring of poison resistance
 M - a +6 ring of strength (right hand)
Wands
 x - a wand of warping (23)
 L - a wand of charming (4)
 Q - a wand of light (2)
Scrolls
 c - a scroll of enchant armour
 e - 2 scrolls of immolation
 j - a scroll of enchant weapon {unknown}
 s - a scroll of butterflies {unknown}
 t - 3 scrolls of amnesia
 v - 3 scrolls of teleportation
 F - a scroll of blinking {unknown}
 I - 2 scrolls of noise {unknown}
 O - a scroll of fog {unknown}
 R - a scroll of poison {unknown}
Potions
 d - 4 potions of lignification
 f - 3 potions of heal wounds
 l - a potion of ambrosia {unknown}
 m - 2 potions of invisibility {unknown}
 r - 2 potions of enlightenment {unknown}
 z - a potion of curing {unknown}
 B - 2 potions of haste
 D - a potion of attraction {unknown}
 H - a potion of might {unknown}
 J - 2 potions of mutation {unknown}
 P - a potion of brilliance {unknown}
 S - a potion of degeneration {unknown}


   Skills:
 - Level 1.7 Dodging
 - Level 1.7 Stealth
 + Level 7.2 Spellcasting
 - Level 3.0 Conjurations
 - Level 11.0 Earth Magic
 - Level 10.0 Alchemy


You had 6 spell levels left.
You knew the following spells:

 Your Spells              Type           Power      Damage    Failure   Level
a - Sting                 Conj/Alch      100%       1d9       1%          1
b - Mercury Vapours       Alch/Air       50%        N/A       1%          2
c - Sandblast             Erth           96%        2d20      1%          1
d - Olgreb's Toxic Radia  Alch           44%        N/A       1%          4
e - Stone Arrow           Conj/Erth      66%        3d11      1%          3
f - Seismic Cannonade     Alch/Erth      23%        6d9       75%         7

Your spell library contained the following spells:

 Spells                   Type           Power      Damage    Failure   Level
 Passwall                 Erth           48%        N/A       1%          3
 Mephitic Cloud           Conj/Alch/Air  23%        N/A       4%          3
 Kiss of Death            Conj/Necr      48%        2d9       5%          1
 Summon Small Mammal      Summ           24%        N/A       10%         1
 Animate Armour           Summ/Erth      54%        N/A       11%         4
 Sticky Flame             Fire/Alch      25%        2d6       13%         4
 Call Canine Familiar     Summ           6%         N/A       30%         3
 Confusing Touch          Hex            6%         N/A       30%         3
 Tukima's Dance           Hex            6%         N/A       30%         3
 Yara's Violent Unravell  Hex/Alch       12%        3d7       34%         5
 Dispel Undead            Necr           6%         3d8       69%         4
 Passage of Golubria      Tloc           6%         N/A       69%         4
 Summon Blazeheart Golem  Fire/Summ      6%         N/A       69%         4
 Summon Lightning Spire   Summ/Air       6%         N/A       69%         4
 Arcjolt                  Conj/Air       6%         1d16      83%         5
 Orb of Destruction       Conj           9%         9d6       100%        7
 Spellforged Servitor     Conj/Summ      6%         N/A       100%        7
 Lehudib's Crystal Spear  Conj/Erth      16%        10d5      100%        8
 Maxwell's Capacitive Co  Air            3%         ∞         100%        8


Dungeon Overview and Level Annotations

Branches:
Dungeon (10/15)            Temple (1/1) D:6
   Lair: D:8-11         Orc: D:9-12

Altars:
Ashenzari
Cheibriados
Dithmenos
Fedhas
Gozag
Hepliaklqana
Kikubaaqudgha
Makhleb
Nemelex Xobeh
Okawaru
Qazlal
Ru
Sif Muna
Trog
Uskayaw
Vehumet
Wu Jian
Xom
Yredelemnul

Annotations:
D:8 Fodor's ghost, novice MiFi


Innate Abilities, Weirdness & Mutations

You have a pair of large horns on your head.
A meltable icy envelope protects you from harm. (AC +0)
A meltable shield of frost defends you. (SH +0)
You have a small tail.
Your touch may inflict irresistible damage on your foes.
You are faintly shadowed, very rarely releasing foul flame when damaged in melee.


Message History

The vampire misses you.
Aiming: Sandblast (safe; 1% risk of failure)
Press: ? - help, Q - select action, (/) - cycle Shift-Dir - straight line, f/p - vampire
Aim: a vampire (moderately damaged, umbra, 85% to hit)
The blast of sand hits the vampire but does no damage.
The vampire is moderately damaged.
Unknown command.
Aiming: Sandblast (safe; 1% risk of failure)
Press: ? - help, Q - select action, (/) - cycle Shift-Dir - straight line, f/p - vampire
Aim: a vampire (moderately damaged, 85% to hit)
The blast of sand hits the red ugly thing!!
The red ugly thing is moderately wounded.
The red ugly thing tail-slaps you!
You are engulfed in flames!!
Your icy defences dissipate!
Casting: Sandblast (safe; 1% risk of failure)
Confirm with . or Enter, or press ? or * to list all spells.
You begin to radiate toxic energy.
The red ugly thing is poisoned.
The red ugly thing looks even sicker.
The red ugly thing tail-slaps you but does no damage.
Okay, then.
Casting: Olgreb's Toxic Radiance (dangerous; 1% risk of failure)
Confirm with . or Enter, or press ? or * to list all spells.
Aiming: Stone Arrow (safe; 1% risk of failure)
Press: ? - help, Shift-Dir - straight line, f/p - vampire
Aim: a vampire (moderately damaged, 74% to hit)
The stone arrow hits the red ugly thing!
The red ugly thing is heavily wounded.
The red ugly thing looks even sicker.
Your toxic aura wanes.
The red ugly thing tail-slaps you.
You are engulfed in flames!!
* * * LOW HITPOINT WARNING * * *
Aiming: Sandblast (safe; 1% risk of failure)
Press: ? - help, Q - select action, (/) - cycle Shift-Dir - straight line, f/p - vampire
Aim: a vampire (moderately damaged, 85% to hit)
The blast of sand hits the red ugly thing but does no damage.
The red ugly thing is severely wounded.
The red ugly thing tail-slaps you.
* * * LOW HITPOINT WARNING * * *
You are engulfed in flames!!
You die...

#~~.. .###...~#
#~.#.##...#~~~#
###~.#...~..~~#
#.#~~.~~~~~~~~#
#.##~~~~u~~~~# # #.#
#~~~~~~~######### #
#.#####~~~###........
#
#.#...##.##..########
# #.#.####Vu@...# #
##.#.# ######.# ##
##....## #.#
.####......### #.#
#............# #.#
.####......#.# #.#
..........##.# #.#
############.# #.#
#.# #.#


You could see a red ugly thing (very poisoned) and a vampire.

Vanquished Creatures
  Erica (D:9)
  Amaemon (D:8)
  An orange demon (D:8)
  Maggie (D:9)
  A troll (D:9)
  Prince Ribbit (D:6)
  10 yaks (D:8)
  3 water moccasins
  8 ice beasts
  3 black bears
  3 orc warriors
  2 ogres (D:6)
  4 centaurs
  A phantom (D:6)
  A bullfrog (D:9)
  5 scorpions
  3 gnoll sergeants
  7 wights
  6 killer bees (D:8)
  7 howler monkeys
  A bombardier beetle (D:6)
  2 jellies
  Crazy Yiuf (D:3)
  2 gnoll boudas
  3 orc priests
  3 hounds
  A sleepcap (D:8)
  5 iguanas
  Jessica (D:3)
  Terence (D:3)
  9 orc wizards
  24 gnolls
  10 adders
  2 shadow imps
  A white imp (D:6)
  2 ufetubi (D:5)
  5 dart slugs
  36 orcs
  4 endoplasms
  7 goblins
  5 hobgoblins
  4 jackals (D:3)
  2 kobolds
  3 quokkas
  4 ball pythons
  3 bats
  5 frilled lizards
  2 goblin skeletons (D:6)
  5 rats
222 creatures vanquished.

Vanquished Creatures (others)
  A human (D:6)
1 creature vanquished.

Grand Total: 223 creatures vanquished

Notes
Turn   | Place    | Note
-------+----------+-------------------------------------------
     0 | D:1      | horus123 the Demonspawn Alchemist began the quest for the
                  | Orb.
     0 | D:1      | Reached XP level 1. HP: 13/13 MP: 3/3
     2 | D:1      | Noticed a barachi
     2 | D:1      | Noticed an octopode
     4 | D:1      | Noticed a formicid
     4 | D:1      | Noticed a merfolk
     6 | D:1      | Noticed a felid
     8 | D:1      | Noticed a troll
     8 | D:1      | Noticed a djinni
    10 | D:1      | Noticed a demigod
    10 | D:1      | Noticed a vampire
    12 | D:1      | Noticed a vine stalker
    14 | D:1      | Noticed a ghoul
    14 | D:1      | Noticed a naga
    16 | D:1      | Noticed a human
    18 | D:1      | Noticed a dwarf
    18 | D:1      | Noticed a spriggan
    20 | D:1      | Noticed an armataur
    22 | D:1      | Noticed an oni
    22 | D:1      | Noticed a tengu
    24 | D:1      | Noticed a minotaur
    24 | D:1      | Noticed a gargoyle
    26 | D:1      | Noticed a draconian
    26 | D:1      | Noticed a demonspawn
    28 | D:1      | Noticed an elf
   484 | D:1      | Gained mutation: You are faintly shadowed, very rarely
                  | releasing foul flame when damaged in melee. [demonic
                  | ancestry]
   484 | D:1      | Reached XP level 2. HP: 15/19 MP: 0/5
   828 | D:1      | Learned a level 2 spell: Mercury Vapours
   830 | D:1      | Learned a level 1 spell: Sandblast
   998 | D:2      | Found a hazy altar of Hepliaklqana.
  1149 | D:2      | Discovered your monstrous ancestry.
  1149 | D:2      | Gained mutation: Your touch may inflict minor irresistible
                  | damage on your foes. [demonic ancestry]
  1149 | D:2      | Reached XP level 3. HP: 24/24 MP: 3/6
  1754 | D:3      | Noticed Jessica
  1770 | D:3      | Killed Jessica
  1771 | D:3      | Gained mutation: A meltable shield of frost defends you.
                  | (SH +0) [demonic ancestry]
  1771 | D:3      | Reached XP level 4. HP: 13/30 MP: 2/7
  2048 | D:3      | Found a broken altar of Ashenzari.
  2112 | D:3      | Found a blossoming altar of Fedhas.
  2489 | D:3      | Found a runed translucent door.
  2490 | D:3      | Noticed Crazy Yiuf
  2542 | D:3      | Noticed Terence
  2555 | D:3      | Killed Terence
  2556 | D:3      | Reached skill level 5 in Alchemy
  2556 | D:3      | Gained mutation: You have a pair of small horns on your
                  | head. [demonic ancestry]
  2556 | D:3      | Reached XP level 5. HP: 22/35 MP: 6/8
  2741 | D:3      | Found a faded altar of an unknown god.
  2822 | D:3      | Killed Crazy Yiuf
  3129 | D:4      | Noticed a black bear
  3135 | D:4      | Killed a black bear
  3136 | D:4      | Reached XP level 6. HP: 37/41 MP: 6/9
  3212 | D:4      | Identified the +1 robe of Eternity {Regen+}
  3735 | D:5      | Entered Level 5 of the Dungeon
  3831 | D:5      | Noticed an ice beast
  3841 | D:5      | Killed an ice beast
  3842 | D:5      | Gained mutation: Your touch may inflict irresistible damage
                  | on your foes. [demonic ancestry]
  3842 | D:5      | Reached XP level 7. HP: 34/46 MP: 6/10
  4189 | D:5      | Learned a level 4 spell: Olgreb's Toxic Radiance
  4363 | D:5      | Gained mutation: You have a pair of horns on your head.
                  | [demonic ancestry]
  4363 | D:5      | Reached XP level 8. HP: 34/52 MP: 7/11
  4649 | D:6      | Found a staircase to the Ecumenical Temple.
  4730 | D:6      | Reached skill level 10 in Alchemy
  4734 | D:6      | Learned a level 3 spell: Stone Arrow
  5104 | D:6      | Reached skill level 5 in Spellcasting
  5104 | D:6      | Reached skill level 1 in Earth Magic
  5112 | D:6      | Reached skill level 2 in Earth Magic
  5373 | D:6      | Noticed Prince Ribbit
  5386 | D:6      | Killed Prince Ribbit
  5387 | D:6      | Reached skill level 3 in Earth Magic
  5387 | D:6      | Gained mutation: You have a pair of large horns on your
                  | head. [demonic ancestry]
  5387 | D:6      | Reached XP level 9. HP: 54/57 MP: 7/16
  5504 | D:6      | Found a runed translucent door.
  5512 | D:6      | Found a basalt altar of Yredelemnul.
  5570 | Temple   | Entered the Ecumenical Temple
  5618 | Temple   | Became a worshipper of Sif Muna the Loreminder
  5677 | D:6      | Reached skill level 4 in Earth Magic
  6176 | D:6      | Reached skill level 5 in Earth Magic
  6671 | D:7      | Reached * piety under Sif Muna
  6672 | D:7      | Reached skill level 6 in Earth Magic
  7241 | D:7      | Reached skill level 7 in Earth Magic
  7425 | D:8      | Found a sparkling altar of Nemelex Xobeh.
  7433 | D:8      | Noticed an orange demon
  7436 | D:8      | Noticed Amaemon
  7447 | D:8      | Killed Amaemon
  7448 | D:8      | Reached skill level 8 in Earth Magic
  7448 | D:8      | Killed an orange demon
  7449 | D:8      | Gained mutation: A meltable icy envelope protects you from
                  | harm. (AC +0) [demonic ancestry]
  7449 | D:8      | Reached XP level 10. HP: 54/63 MP: 14/17
  7544 | D:8      | Reached skill level 9 in Earth Magic
  7625 | D:9      | Reached skill level 10 in Earth Magic
  7928 | D:8      | Learned a level 7 spell: Seismic Cannonade
  8001 | D:8      | Found a runed translucent gate.
  8001 | D:8      | Found a runed translucent gate.
  8004 | D:8      | Noticed Fodor's ghost (novice MiFi)
  8009 | D:8      | Found a runed translucent gate.
  8095 | D:8      | Reached ** piety under Sif Muna
  8131 | D:8      | Found a stormy altar of Qazlal.
  8266 | D:8      | Found a sacrificial altar of Ru.
  8466 | D:8      | Reached skill level 11 in Earth Magic
  8521 | D:9      | Noticed Maggie
  8625 | D:9      | Killed Maggie
  8946 | D:9      | Noticed Erica
  8956 | D:9      | Killed Erica
  8957 | D:9      | Gained mutation: You have a small tail. [demonic ancestry]
  8957 | D:9      | Reached XP level 11. HP: 47/68 MP: 2/21
  9386 | D:10     | Entered Level 10 of the Dungeon
  9618 | D:10     | Noticed a red ugly thing
  9630 | D:10     | Slain by a red ugly thing

Illustrated notes

Levels and vault maps discovered:
D:1:      kb_arrival_jail, layout_basic
D:2:      layout_basic, basic_altar, kennysheep_generic_room_12
D:3:      layout_basic, fedhas_altar_4, cheibrodos_ashenzari_chains,
          nicolae_tso_swordbearing_angel, hellmonk_ecumenical_altar_crossroads,
          uniq_terence, uniq_crazy_yiuf_cottage, uniq_jessica
D:4:      layout_loops_ring, minmay_cut_off
D:5:      layout_basic, st_stairs_6
D:6:      layout_loops_corners, dk_yredelemnul_ordeal,
          minmay_temple_entry_large_hall, minmay_bent, uniq_prince_ribbit1
D:7:      layout_gridville, minmay_misc_feat_five
D:8:      layout_basic, nicolae_ru_path_of_blood, lemuel_round_altar,
          lemuel_doored_altar, gammafunk_ghost_split, uniq_amaemon
D:9:      layout_gridville, uniq_erica, uniq_maggie
D:10:     layout_loops_ring, lair_entry_dummy, grunt_decor_resistance,
          hellmonk_guarded_unrand_seven_league_boots
Temple:   bh_familiar_temple

Skill      XL: |  1  2  3  4  5  6  7  8  9 10 |
---------------+-------------------------------+-----
Conjurations   | 2 3 |  3.0
Alchemy        | 5 6 7 9 10 | 10.0
Spellcasting   | 5 7 |  7.2
Earth Magic    | 3 8 11 | 11.0
Dodging        | |  1.7
Stealth        | |  1.7

Action                     |  1- 3 |  4- 6 |  7- 9 | 10-12 || total
---------------------------+-------+-------+-------+-------++-------
  Melee: Dagger            |    27 |     2 |       |       ||    29
         Touch             |     1 |     9 |    21 |     8 ||    39
         Short sword       |       |    55 |   130 |    39 ||   224
         Headbutt          |       |    11 |    30 |    13 ||    54
         Tailslap          |       |       |       |     1 ||     1
   Cast: Sting             |    34 |    65 |   104 |     2 ||   205
         Olgreb's Toxic Ra |       |       |    12 |    11 ||    23
         Sandblast         |       |       |    69 |    94 ||   163
         Mercury Vapours   |       |       |    13 |     9 ||    22
         Stone Arrow       |       |       |       |     3 ||     3
    Use: Scroll            |       |     3 |     1 |     3 ||     7
         Potion            |       |       |     2 |       ||     2
 Armour: Robe              |    18 |    40 |   150 |   128 ||   336
  Dodge: Dodged            |    20 |    35 |   129 |    95 ||   279
  Block: Other             |       |    15 |    34 |    22 ||    71

Table legend: (Time is in decaauts)
 A = Elapsed time spent in this place.
 B = Non-inter-level travel time spent in this place.
 C = Inter-level travel time spent in this place.
 D = Time resting spent in this place.
 E = Time spent auto-exploring this place.
 F = Levels seen in this place.
 G = Mean time per level.
                   A        B        C        D        E       F      G
               +--------+--------+--------+--------+--------+-----+--------+
         Total |   9713 |   9467 |    246 |   1111 |   6532 |  11 |  883.0 |
       Dungeon |   9647 |   9445 |    202 |   1111 |   6532 |  10 |  964.7 |
        Temple |     65 |     21 |     44 |      0 |      0 |   1 |   65.0 |
               +--------+--------+--------+--------+--------+-----+--------+

Top non-repeatable levels by time:
     D:6: 1659 daAuts
     D:8: 1225 daAuts
     D:3: 1150 daAuts
     D:7: 1040 daAuts
     D:1: 934 daAuts
     D:5: 912 daAuts
     D:4: 863 daAuts
     D:9: 822 daAuts
     D:2: 788 daAuts
    D:10: 249 daAuts
  Temple: 65 daAuts
